 Dungeon Crawl Stone Soup version 0.23.2-40-g277498a001 (webtiles) character file.

Game seed: 7270116554335376947

8042 MalarOregon the Spear-Bearer (level 11, -12/83 HPs)
             Began as a Merfolk Summoner on Aug 19, 2019.
             Was an Initiate of Gozag.
             Mangled by a spiny frog (21 damage)
             ... on level 2 of the Lair of Beasts.
             The game lasted 00:38:33 (18066 turns).

MalarOregon the Spear-Bearer (Merfolk Summoner)    Turns: 18066, Time: 00:38:33

Health: -12/83     AC:  6    Str: 13    XL:     11   Next: 24%
Magic:  12/20      EV: 17    Int: 18    God:    Gozag
Gold:   1421       SH:  0    Dex: 14    Spells: 6/22 levels left

rFire    . . .     SeeInvis .   a - +0 trident
rCold    . . .     Gourm    .   (no shield)
rNeg     + . .     Faith    .   m - +0 robe
rPois    .         Spirit   .   i - +0 helmet (curse)
rElec    .         Reflect  .   (no cloak)
rCorr    .         Harm     .   (no gloves)
MR       .....                  r - +2 pair of boots {Fly}
Stlth    ++........             (no amulet)
HPRegen  0.23/turn              q - +4 ring of strength
MPRegen  0.17/turn              x - ring of positive energy

@: flying
A: change form in water, swift swim, stealthy swim
a: Potion Petition, Call Merchant, Bribe Branch, Renounce Religion, Stop Flying


You were on level 2 of the Lair of Beasts.
You worshipped Gozag.
Gozag was most pleased with you.
You were hungry.

You visited 3 branches of the dungeon, and saw 13 of its levels.

You collected 1965 gold pieces.
You spent 506 gold pieces at shops.
You paid 38 gold pieces to Gozag.

Inventory:

Hand Weapons
 a - a +0 trident (weapon)
   (You took it off an orc on level 5 of the Dungeon)
Armour
 b - a scarf of cloud immunity
   (You found it on level 1 of the Lair of Beasts)
 i - a cursed +0 helmet (worn)
   (You found it on level 7 of the Dungeon)
 m - a +0 robe (worn)
   (You found it on level 3 of the Dungeon)
 r - a +2 pair of boots of flying (worn)
   (You found it on level 7 of the Dungeon)
 y - a cursed +0 shield
   (You took it off a gnoll sergeant on level 8 of the Dungeon)
 H - a +0 cloak
   (You found it on level 1 of the Lair of Beasts)
Jewellery
 q - a +4 ring of strength (left hand)
   (You took it off a hobgoblin on level 2 of the Dungeon)
 x - a ring of positive energy (right hand)
   (You found it on level 3 of the Dungeon)
 D - an uncursed amulet of the acrobat {unknown}
   (You found it on level 1 of the Lair of Beasts)
 G - an uncursed ring of stealth {unknown}
   (You found it on level 1 of the Lair of Beasts)
Wands
 c - a wand of disintegration (4)
   (You found it on level 7 of the Dungeon)
 d - a wand of iceblast (17)
   (You found it on level 9 of the Dungeon)
 p - a wand of polymorph (5)
   (You found it on level 8 of the Dungeon)
 u - a wand of paralysis (10)
   (You found it on level 8 of the Dungeon)
 v - a wand of digging (4)
   (You took it off Ijyb on level 3 of the Dungeon)
Scrolls
 f - 4 scrolls of fog
 h - a scroll of blinking
 j - 5 scrolls of remove curse {@r2}
 l - 2 scrolls of enchant weapon
 s - 3 scrolls of teleportation {@r4}
 w - 16 scrolls of identify {@r1}
 z - 2 scrolls of vulnerability {unknown}
 A - 3 scrolls of enchant armour
 B - a scroll of summoning {unknown}
 E - a scroll of torment {unknown}
Potions
 g - a potion of might {unknown}
 k - a potion of flight {unknown}
 n - a potion of agility
 o - a potion of berserk rage {unknown}
 t - 2 potions of curing {@q1}
 C - 2 potions of brilliance {unknown}
 F - a potion of magic {unknown}
Comestibles
 e - 5 rations {!d}


   Skills:
 + Level 6.8 Fighting
 * Level 11.9 Polearms
 + Level 8.7 Dodging
 - Level 2.1 Stealth
 + Level 3.9 Shields
 + Level 6.1 Spellcasting
 * Level 9.9 Summonings


You had 6 spell levels left.
You knew the following spells:

 Your Spells              Type           Power        Failure   Level  Hunger
a - Summon Guardian Gole  Hex/Summ       ###.....     4%          3    ##.....
c - Call Canine Familiar  Summ           #####...     1%          3    ##.....
d - Summon Ice Beast      Ice/Summ       ###.....     16%         4    ####...
x - Call Imp              Summ           #####...     1%          2    None
z - Summon Lightning Spi  Summ/Air       ###.....     16%         4    ####...

Your spell library contained the following spells:

 Spells                   Type           Power        Failure   Level  Hunger
 Summon Small Mammal      Summ           ####         1%          1    None
 Beastly Appendage        Tmut           #.....       12%         1    None
 Sticks to Snakes         Tmut           #.......     19%         2    None
 Spider Form              Tmut/Pois      #.........   34%         3    ##.....
 Ice Form                 Ice/Tmut       #.......     75%         4    ####...
 Blade Hands              Tmut           #.........   97%         5    #####..


Dungeon Overview and Level Annotations

Branches:
Dungeon (9/15)             Temple (1/1) D:4            Lair (3/6) D:9
    Orc (0/2) D:9
  Swamp: Lair:2-4    Shoals: Lair:2-4     Snake: Lair:2-4    Spider: Lair:2-4

Altars:
Ashenzari
Cheibriados
Dithmenos
Elyvilon
Fedhas
Gozag
Hepliaklqana
Kikubaaqudgha
Makhleb
Nemelex Xobeh
Okawaru
Qazlal
Ru
Sif Muna
Trog
Uskayaw
Vehumet
Wu Jian
Xom
Yredelemnul
Zin
The Shining One
Beogh

Shops:
D:6 *

Annotations:
D:4 2 transporters, rlgrobin's ghost, amateur BaFi
D:9 2 transporters, tamionv's ghost, novice MfBe


Message History

Your crimson imp blinks!
The blink frog blinks!
The blink frog barely misses your crimson imp.
Your crimson imp hits the blink frog.
Your crimson imp closely misses the blink frog.
Attack whom?
Aim: a blink frog (almost dead)
You reach to attack!
You catch the helpless blink frog completely off-guard!
You puncture the blink frog!
You kill the blink frog!
The blink frog hits your guardian golem!
The blink frog hits your guardian golem.
Your crimson imp blinks!
Your hound misses the blink frog.
Your crimson imp blinks!
The blink frog blinks!
Your crimson imp closely misses the blink frog.
There is a stone staircase leading up here.
Unknown command.
The spiny frog stings you.
* * * LOW HITPOINT WARNING * * *
Your hound closely misses the blink frog.
Your crimson imp closely misses the spiny frog.
The blink frog barely misses your crimson imp.
Your crimson imp barely misses the blink frog.
Your hound misses the blink frog. The spiny frog barely misses you.
You fly upwards.
Your summoned allies are left behind.
There is a stone staircase leading down here.
Unknown command.
Unknown command.
The spiny frog barely misses you. The spiny frog stings you!
* * * LOW HITPOINT WARNING * * *
You are lethally poisoned!
The spiny frog poisons you!
* * * LOW HITPOINT WARNING * * *
You feel sick.
Okay, then.
You feel better. The spiny frog stings you.
* * * LOW HITPOINT WARNING * * *
The spiny frog closely misses you.
You are feeling hungry.
The spiny frog misses you.
Things that are here:
a +0 robe; a +0 rapier The spiny frog completely misses you.
The spiny frog stings you!!
You die...
Your body crumbles into a pile of gold.

###.####P........................
.................................
.##....(.....<..........).....<..
####..#####P.....................
#...# ##.....................
####..## ###...............#...
##.#..## ##..................
.......# ##.................
......## #@.....♣♣...♣...♣♣
..?...P### ####F....♣......♣♣♣♣#
.........####.#...♣.♣.P.........♣
..................♣........P.P..♣
.................♣♣..............
...............#♣...[...........P
...............#♣♣..............P
................♣......##'##.....
...##..####.......P....#...#P....


You could see a spiny frog.

Vanquished Creatures
  A spiny frog (Lair:1)
  2 komodo dragons (Lair:2)
  Prince Ribbit (D:6)
  4 blink frogs
  A spriggan (D:7)
  2 basilisks (Lair:2)
  A water moccasin (Lair:1)
  2 porcupines (Lair:1)
  Duvessa (D:6)
  An orc warrior (D:9)
  A black bear (D:7)
  A sky beast (D:5)
  An ogre (D:7)
  2 centaurs
  2 crocodiles
  A bullfrog (D:6)
  Dowan (D:6)
  A gnoll sergeant (D:8)
  A scorpion (D:4)
  3 killer bees (D:8)
  2 wights (D:9)
  2 crimson imps
  2 orc priests (D:6)
  2 bullfrog skeletons
  An iguana (D:8)
  2 worker ants (D:6)
  A hound skeleton (D:4)
  5 adders
  A shadow imp (D:8)
  An adder zombie (D:1)
  3 adder skeletons
  2 dart slugs (D:3)
  3 leopard geckos
  13 orcs
  A ball python (D:3)
  6 goblins
  3 hobgoblins (D:2)
  3 jackals
  3 quokkas
  6 bats
  3 frilled lizards
  A jackal zombie (D:1)
  4 kobolds
  A leopard gecko skeleton (D:5)
  A quokka skeleton (D:7)
  8 rats
110 creatures vanquished.

Vanquished Creatures (collateral kills)
  An ugly thing (D:6)
  3 spiny frogs (Lair:1)
  2 blink frogs
  2 hippogriffs
  A spriggan (Lair:2)
  9 yaks
  A basilisk (Lair:2)
  A steam dragon (D:8)
  2 water moccasins
  2 porcupines
  5 orc warriors
  A sky beast (D:9)
  7 ogres
  A centaur (D:9)
  A crocodile (Lair:1)
  Blork the orc (D:8)
  2 scorpions
  9 killer bees
  3 wights
  A centaur zombie (D:7)
  A crimson imp (D:5)
  A hound (D:6)
  A quasit (D:6)
  2 orc wizards (D:5)
  2 orc priests (D:9)
  Ijyb (D:3)
  An iguana (D:6)
  3 worker ants
  A gnoll (D:1)
  7 adders
  3 oozes
  A worm (D:3)
  3 leopard geckos
  13 orcs
  2 giant cockroaches
  7 goblins (D:1)
  2 hobgoblins (D:2)
  13 jackals
  A quokka (D:6)
  4 bats
  2 frilled lizards
  A jackal zombie (D:6)
  6 kobolds
  A leopard gecko zombie (D:7)
  2 rats (D:1)
  2 bushes (Lair:2)
138 creatures vanquished.

Vanquished Creatures (others)
  A hydra (Lair:2)
  A blink frog (Lair:2)
  2 orc warriors (D:9)
  A bullfrog (D:9)
5 creatures vanquished.

Grand Total: 253 creatures vanquished

Notes
Turn   | Place    | Note
-------+----------+-------------------------------------------
     0 | D:1      | MalarOregon the Merfolk Summoner began the quest for the
                  | Orb.
     0 | D:1      | Reached XP level 1. HP: 13/13 MP: 3/3
   149 | D:1      | Reached XP level 2. HP: 6/20 MP: 1/5
   385 | D:1      | Learned a level 2 spell: Call Imp
   804 | D:1      | Reached skill level 1 in Fighting
  1149 | D:1      | Reached XP level 3. HP: 26/26 MP: 3/6
  1820 | D:2      | Learned a level 3 spell: Call Canine Familiar
  2099 | D:2      | Reached XP level 4. HP: 32/32 MP: 3/7
  2957 | D:3      | Noticed Ijyb
  2971 | D:3      | Killed Ijyb
  2971 | D:3      | Reached skill level 1 in Polearms
  3075 | D:3      | Found a sacrificial altar of Ru.
  3127 | D:3      | Reached XP level 5. HP: 28/38 MP: 7/9
  3432 | D:3      | Found a shattered altar of Ashenzari.
  3434 | D:3      | Found a blossoming altar of Fedhas.
  3434 | D:3      | Found a deep blue altar of Sif Muna.
  3447 | D:3      | Found an iron altar of Okawaru.
  3451 | D:3      | Found an ancient bone altar of Kikubaaqudgha.
  3540 | D:4      | Found a transporter.
  3540 | D:4      | Noticed rlgrobin's ghost (amateur BaFi)
  3560 | D:4      | Reached skill level 5 in Summonings
  3857 | D:4      | Found a staircase to the Ecumenical Temple.
  3867 | Temple   | Entered the Ecumenical Temple
  3877 | Temple   | Became a worshipper of Gozag Ym Sagoz the Greedy
  4181 | D:4      | Reached skill level 2 in Polearms
  4640 | D:4      | Reached XP level 6. HP: 45/45 MP: 6/10
  4690 | D:4      | Reached skill level 3 in Polearms
  4791 | D:4      | Found a transporter.
  5286 | D:5      | Entered Level 5 of the Dungeon
  5495 | D:5      | Noticed a sky beast
  5514 | D:5      | Killed a sky beast
  6089 | D:4      | Reached skill level 4 in Polearms
  6089 | D:4      | Reached XP level 7. HP: 51/51 MP: 11/11
  6481 | D:6      | Found Paropil's Assorted Antiques.
  6788 | D:6      | Bought a scroll of identify for 46 gold pieces
  6788 | D:6      | Bought a scroll of identify for 46 gold pieces
  6788 | D:6      | Bought a scroll of remove curse for 69 gold pieces
  7164 | D:6      | Reached skill level 5 in Polearms
  7164 | D:6      | Reached skill level 5 in Dodging
  7181 | D:6      | Noticed Duvessa
  7181 | D:6      | Noticed Dowan
  7334 | D:6      | Noticed Prince Ribbit
  7351 | D:6      | Killed Prince Ribbit
  7351 | D:6      | Reached XP level 8. HP: 20/58 MP: 3/13
  7780 | D:6      | Reached skill level 6 in Polearms
  7940 | D:6      | Bought a paperback book for 345 gold pieces
  8421 | D:7      | Noticed a spriggan baker
  8435 | D:7      | Killed a spriggan baker
  8747 | D:7      | Noticed a cyan ugly thing
  8880 | D:6      | Killed a cyan ugly thing
  8880 | D:6      | Reached skill level 7 in Polearms
  8880 | D:6      | Reached XP level 9. HP: 11/66 MP: 7/15
  9171 | D:6      | Learned a level 3 spell: Summon Guardian Golem
  9176 | D:6      | Learned a level 4 spell: Summon Ice Beast
  9181 | D:6      | Learned a level 4 spell: Summon Lightning Spire
  9267 | D:6      | Killed Duvessa
  9461 | D:6      | Killed Dowan
  9786 | D:8      | Reached skill level 8 in Polearms
 10314 | D:8      | Noticed Blork the orc
 11191 | D:8      | Killed Blork the orc
 11381 | D:8      | Reached skill level 5 in Fighting
 12128 | D:9      | Reached skill level 9 in Polearms
 12131 | D:9      | Reached skill level 1 in Shields
 12264 | D:9      | HP: 3/68 [yak (1)]
 12579 | D:9      | Found a staircase to the Lair.
 12607 | D:9      | Found an iron altar of Okawaru.
 12632 | D:9      | Paralysed by a centaur for 3 turns
 12788 | D:9      | Reached skill level 5 in Spellcasting
 12863 | D:9      | Reached XP level 10. HP: 65/74 MP: 13/17
 13145 | D:9      | Reached skill level 10 in Polearms
 13359 | D:9      | Noticed tamionv's ghost (novice MfBe)
 13360 | D:9      | Found a transporter.
 13361 | D:9      | Found a transporter.
 13361 | D:9      | Identified the cursed +3 great mace "Barij" {flame, rPois
                  | Int+5}
 13361 | D:9      | Identified the +10 dire flail of a sewer {freeze, +Blink}
 13361 | D:9      | Noticed a two-headed ogre
 13830 | D:9      | Found a roughly hewn altar of Beogh.
 13830 | D:9      | Found a staircase to the Orcish Mines.
 13989 | Lair:1   | Entered Level 1 of the Lair of Beasts
 14225 | Lair:1   | Found a sacrificial altar of Ru.
 14257 | Lair:1   | Noticed a spiny frog
 14293 | Lair:1   | Killed a spiny frog
 14696 | Lair:1   | Noticed a spiny frog
 14712 | Lair:1   | Killed a spiny frog
 14894 | Lair:1   | Noticed a spiny frog
 14914 | Lair:1   | Killed a spiny frog
 15674 | Lair:2   | Reached skill level 11 in Polearms
 15880 | Lair:2   | Noticed a six-headed hydra
 15889 | Lair:2   | Killed a six-headed hydra
 15901 | Lair:2   | Reached XP level 11. HP: 14/83 MP: 1/19
 18050 | Lair:2   | HP: 4/83 [poisoned by a spiny frog]
 18066 | Lair:2   | Mangled by a spiny frog

Skill      XL: |  1  2  3  4  5  6  7  8  9 10 11 |
---------------+----------------------------------+-----
Dodging        | 3 4 5 6 7 8 |  8.7
Fighting       | 1 2 3 4 5 6 |  6.8
Polearms       | 1 2 4 5 7 9 11 | 11.9
Summonings     | 5 6 7 8 9 |  9.9
Spellcasting   | 3 4 5 6 |  6.1
Shields        | 1 3 |  3.9
Stealth        | |  2.1

Action                   |  1- 3 |  4- 6 |  7- 9 | 10-12 || total
-------------------------+-------+-------+-------+-------++-------
Melee: Unarmed           |    53 |       |       |       ||    53
       Short sword       |    43 |    49 |       |       ||    92
       Spear             |       |   129 |       |       ||   129
       Trident           |       |    33 |   336 |   257 ||   626
 Cast: Summon Small Mamm |    14 |       |       |       ||    14
       Call Imp          |    18 |       |    17 |    17 ||    52
       Call Canine Famil |     4 |    23 |    36 |    17 ||    80
       Summon Lightning  |       |       |    19 |    14 ||    33
       Summon Guardian G |       |       |    14 |    23 ||    37
       Summon Ice Beast  |       |       |     1 |       ||     1
Invok: Potion Petition   |       |       |     1 |       ||     1
Evoke: Wand              |       |       |     2 |       ||     2
  Use: Scroll            |       |     9 |     6 |     2 ||    17
       Potion            |       |     3 |     2 |     3 ||     8
 Stab: Sleeping          |     2 |     9 |     8 |     1 ||    20
       Distracted        |       |       |    11 |     8 ||    19
  Eat: Chunk             |     6 |     5 |       |       ||    11
       Ration            |       |     3 |     9 |     6 ||    18
Armor: Robe              |    26 |    22 |    38 |    24 ||   110
       Skin              |       |       |     6 |    31 ||    37
Dodge: Dodged            |    92 |   111 |   215 |   136 ||   554
